 Dungeon Crawl Stone Soup version 0.28.0 (webtiles) character file.

Game seed: 4395490195665624305

263 Jerry the Covered (level 5, -4/46 HPs)
             Began as a Demigod Fighter on Feb 8, 2022.
             Succumbed to Sigmund's poison
             ... on level 4 of the Dungeon.
             The game lasted 00:08:02 (3702 turns).

Jerry the Covered (Demigod Fighter)                 Turns: 3702, Time: 00:08:03

Health: -4/46      AC: 12    Str: 21    XL:     5   Next: 65%
Magic:  7/7        EV:  9    Int: 10    God:
Gold:   160        SH:  5    Dex: 13    Spells: 4/4 levels left

rFire   + . .      SeeInvis +   a - +0 long sword
rCold   . . .      Faith    .   c - +0 buckler
rNeg    . . .      Spirit   .   b - +0 scale mail
rPois   .          Reflect  .   (no helmet)
rElec   .          Harm     .   n - +0 cloak
rCorr   .          Rampage  .   (no gloves)
Will    .....                   s - +1 pair of boots
Stlth   ..........              (no amulet)
HPRegen 0.15/turn               v - ring of see invisible
MPRegen 0.10/turn               (no ring)

@: mighty, lethally poisoned (-4 -> -33)
A: high MP 1, forlorn, divine attributes, hooves 1, iridescent scales 1, fire
resistance 1
a: no special abilities


You were on level 4 of the Dungeon.
You visited 1 branch of the dungeon, and saw 4 of its levels.

You collected 160 gold pieces.

Inventory:

Hand Weapons
 a - a +0 long sword (weapon)
Missiles
 e - a throwing net (quivered)
Armour
 b - a +0 scale mail (worn)
 c - a +0 buckler (worn)
 n - a +0 cloak (worn)
 s - a +1 pair of boots (worn)
Jewellery
 v - a ring of see invisible (left hand)
Scrolls
 f - a scroll of teleportation {unknown}
 i - a scroll of identify {unknown}
 l - a scroll of enchant armour {unknown}
 m - a scroll of amnesia {unknown}
 q - a scroll of fear {unknown}
 u - a scroll of fog {unknown}
Potions
 d - a potion of might
 g - a potion of magic {unknown}
 h - a potion of curing {unknown}
 j - a potion of resistance {unknown}
 k - 2 potions of ambrosia
 o - 2 potions of lignification {unknown}
 p - a potion of brilliance
 r - a potion of haste {unknown}
 t - a potion of heal wounds {unknown}
 x - a potion of flight {unknown}


   Skills:
 + Level 3.8 Fighting
 + Level 3.2 Long Blades
 + Level 3.8 Armour
 + Level 3.7 Shields


You had 4 spell levels left.
You didn't know any spells.
Your spell library contained the following spells:

 Spells                   Type           Power      Damage    Failure   Level
 Sublimation of Blood     Necr           0%         N/A       90%         2
 Wereblood                Tmut           0%         N/A       90%         2
 Gell's Gravitas          Tloc           0%         N/A       99%         3
 Teleport Other           Tloc           0%         N/A       99%         3
 Dispersal                Tloc           0%         N/A       100%        6
 Malign Gateway           Summ/Tloc      0%         N/A       100%        7
 Summon Hydra             Summ           0%         N/A       100%        7
 Summon Horrible Things   Summ           0%         N/A       100%        8


Dungeon Overview and Level Annotations

Branches:
Dungeon (4/15)
 Temple: D:4-7

Annotations:
D:4 Sigmund


Innate Abilities, Weirdness & Mutations

You have an increased reservoir of magic. (+10% MP)
You shall have no god before yourself.
Your divine heritage dramatically boosts your attributes as you level up.
You have large cloven feet.
You are partially covered in iridescent scales. (AC +2)
Your flesh is heat resistant. (rF+)


Message History

You bump into the rock wall.
Sigmund points at you and mumbles some strange words.
The magic dart hits you but does no damage.
Sigmund hits you but does no damage.
You are poisoned.
You feel very sick.
You bump into the rock wall.
You feel sick. Sigmund closely misses you.
You bump into the rock wall.
You feel sick. Sigmund hits you but does no damage.
You are more poisoned.
It was a potion of ambrosia.
You are more confused.
You feel invigorated.
You feel very sick.
You feel sick.
Sigmund points at you and mumbles some strange words.
You resist with significant effort.
You closely miss Sigmund.
Sigmund is moderately wounded.
You feel very sick.
Sigmund seems less brilliant.
Sigmund hits you with a +2 scythe of venom!
You are lethally poisoned!
You feel very sick.
Sigmund hits you from afar with a +2 scythe of venom.
You are more poisoned.
You're too confused to move!
You feel less invigorated.
* * * LOW HITPOINT WARNING * * *
You feel extremely sick.
Sigmund hits you from afar with a +2 scythe of venom.
* * * LOW HITPOINT WARNING * * *
You are more poisoned.
You feel less confused.
* * * LOW HITPOINT WARNING * * *
You feel extremely sick.
It was a potion of mutation.
You feel extremely strange.
Your feet thicken and deform.
Iridescent scales grow over part of your body.
You feel resistant to heat.
You die...

..#⌠#.###...##....##.#
..###.# ##.....##.##.#
........ ##........#.#
.##..##..#####.......#
.....................#
#########.###.###....#
.. #............## #..
####...####..# # .
#.#...@..##
#.#####..#####
..##.........#
#########.###..@......#
##..........##.........#
##......<...##.........#
.#..........##.......!.#
............############
............#


There were no monsters in sight!

Vanquished Creatures
  A scorpion (D:4)
  5 iguanas
  2 adders
  An orc (D:3)
  8 endoplasms
  3 giant cockroaches
  6 goblins
  5 hobgoblins
  3 quokkas
  7 ball pythons
  3 bats
  4 frilled lizards
  8 kobolds
  6 rats
62 creatures vanquished.

Notes
Turn   | Place    | Note
-------+----------+-------------------------------------------
     0 | D:1      | Jerry the Demigod Fighter began the quest for the Orb.
     0 | D:1      | Reached XP level 1. HP: 18/18 MP: 3/3
   306 | D:1      | Reached XP level 2. HP: 25/25 MP: 4/4
  1266 | D:2      | Reached XP level 3. HP: 19/31 MP: 5/5
  3165 | D:4      | Noticed an ogre
  3188 | D:3      | Reached XP level 4. HP: 33/38 MP: 6/6
  3400 | D:4      | Reached XP level 5. HP: 45/45 MP: 7/7
  3686 | D:4      | Noticed Sigmund
  3701 | D:4      | HP: 2/46 [poisoned by Sigmund]
  3702 | D:4      | Gained mutation: You have large cloven feet. [potion of
                  | mutation]
  3702 | D:4      | Gained mutation: You are partially covered in iridescent
                  | scales. (AC +2) [potion of mutation]
  3702 | D:4      | Gained mutation: Your flesh is heat resistant. (rF+)
                  | [potion of mutation]
  3702 | D:4      | Succumbed to Sigmund's poison

Illustrated notes

Levels and vault maps discovered:
D:1:      evilmike_arrival_crescent, layout_loops_corners, chequers_garden
D:2:      layout_loops_ring, shapermc_ecumenical_altar_gd
D:3:      layout_loops_cross
D:4:      layout_rooms, gammafunk_temple_overflow_wave, serial_rivers,
          chequers_serial_rivers_small_3, chequers_serial_rivers_room_b,
          chequers_serial_rivers_micro_c, chequers_serial_rivers_micro_a,
          feat_on_display, uniq_blork_the_orc, uniq_sigmund,
          uniq_crazy_yiuf_cottage

Skill      XL: |  1  2  3  4 |
---------------+-------------+-----
Long Blades    | 2 3 |  3.2
Armour         | 3 |  3.8
Fighting       | 3 |  3.8
Shields        | 3 |  3.7

Action                   |  1- 3 |  4- 6 || total
-------------------------+-------+-------++-------
Melee: Long sword        |   165 |    31 ||   196
  Use: Potion            |       |     3 ||     3
Armor: Scale mail        |    86 |    16 ||   102
Dodge: Dodged            |    77 |    11 ||    88
Block: Buckler           |    34 |     5 ||    39
